 Dungeon Crawl Stone Soup version 0.31-a0-1002-g8e65716e6e (webtiles) character file.

Game seed: 1303660883604034320

1216 kae the Vexing (level 8, -28/54 HPs)
             Began as a Demonspawn Enchanter on Nov 9, 2023.
             Was an Initiate of Dithmenos.
             Annihilated by a two-headed ogre
             ... wielding a +0 giant club
              (31 damage)
             ... on level 6 of the Dungeon.
             The game lasted 00:05:29 (4732 turns).

kae the Vexing (Demonspawn Enchanter)               Turns: 4732, Time: 00:05:30

Health: -28/54     AC:  6    Str:  8    XL:     8   Next: 22%
Magic:  7/13       EV: 13    Int: 19    God:    Dithmenos [......]
Gold:   303        SH:  0    Dex: 14    Spells: 6/14 levels left

rFire   . . .        a - +2 dagger (elec)
rCold   + . .        (no shield)
rNeg    . . .        b - +1 robe
rPois   .            (no helmet)
rElec   .            D - +0 cloak
rCorr   .            (no gloves)
SInv    .            (no boots)
Will    .....        g - amulet of regeneration
Stlth   +++          C - ring of protection from cold
HPRegen 1.09/turn    (no ring)
MPRegen 0.13/turn

%: no passive effects
@: no status effects
A: claws 1, yellow scales 1, powered by death 2
a: Renounce Religion


You were on level 6 of the Dungeon.
You worshipped Dithmenos.
Dithmenos was noncommittal.
You visited 2 branches of the dungeon, and saw 7 of its levels.

You collected 303 gold pieces.


Innate Abilities, Weirdness & Mutations

You have sharp fingernails.
You are partially covered in yellow scales. (AC +2)
You regenerate health from kills.


   Skills:
 + Level 1.0 Fighting
 * Level 4.1 Short Blades
 + Level 3.4 Dodging
 + Level 4.2 Stealth
 + Level 3.5 Spellcasting
 * Level 5.5 Hexes
 * Level 3.8 Ice Magic


You had 6 spell levels left.
You knew the following spells:

 Your Spells              Type           Power      Damage    Failure   Level
a - Ensorcelled Hibernat  Hex/Ice        42%        N/A       3%          2
b - Confusing Touch       Hex            24%        N/A       4%          3
c - Tukima's Dance        Hex            24%        N/A       4%          3

Your spell library contained the following spells:

 Spells                   Type           Power      Damage    Failure   Level
 Summon Small Mammal      Summ           12%        N/A       14%         1
 Dazzling Flash           Conj/Hex       26%        N/A       14%         3
 Summon Guardian Golem    Hex/Summ       13%        N/A       14%         3
 Call Canine Familiar     Summ           3%         N/A       41%         3

Inventory:

Hand Weapons
 a - a +2 dagger of electrocution (weapon)
Missiles
 d - 13 poisoned darts
 e - 73 stones
 r - 6 javelins
 A - 2 boomerangs
Armour
 b - a +1 robe (worn)
 D - a +0 cloak (worn)
   (You found it on level 5 of the Dungeon)
Jewellery
 g - an amulet of regeneration (around neck)
   (You found it on level 4 of the Dungeon)
 s - an amulet of reflection
   (You found it on level 3 of the Dungeon)
 C - a ring of protection from cold (left claw)
   (You found it on level 4 of the Dungeon)
Wands
 n - a wand of quicksilver (21)
   (You found it on level 2 of the Dungeon)
 u - a wand of flame (26)
   (You found it on level 3 of the Dungeon)
 B - a wand of polymorph (6)
   (You took it off Grinder on level 5 of the Dungeon)
Scrolls
 h - a scroll of identify {@r1}
 q - a scroll of poison {!r}
 x - 4 scrolls of enchant armour
 y - a scroll of brand weapon
Potions
 c - 2 potions of invisibility
 f - a potion of cancellation {unknown}
 i - a potion of mutation {!q}
 j - a potion of haste {unknown}
 m - a potion of might {unknown}
 t - 2 potions of curing {@q1}
 v - a potion of enlightenment {unknown}
 w - 2 potions of attraction {!q}
 z - a potion of resistance

Dungeon Overview and Level Annotations

Branches:
Dungeon (6/15) Zot: 26884  Temple (1/1) D:4 Zot: 5969

Altars:
Ashenzari
Cheibriados
Dithmenos
Kikubaaqudgha
Makhleb
Okawaru
Qazlal
Uskayaw
Vehumet
Wu Jian
Xom

Annotations:
D:1 exclusion: gnoll

#.# #.. ###.###
#..... .# #.#.## .# #
#....# .#
####.###....# .#
#....O@.....# .# ####
#.#.###≈###.##.# #...
#.#≈#.#....# #.##
###.#≈#.###.######.##
....#≈#.............†
###?#≈#.###.###).#.##
#$#≈#.#........#>##
.###~###....##.##...
............##.#####


You could see a two-headed ogre.


Message History

You climb downwards.
Found a wand of flame (13), a scroll of identify and 11 gold pieces.
Found a stone staircase leading up.
There is a stone staircase leading up here.
u - a wand of flame (26) (gained 13 charges)
h - a scroll of identify {@r1} You now have 286 gold pieces (gained 11).
A howler monkey comes into view.
A howler monkey is nearby!
A howler monkey is nearby!
Found 6 stones.
Found an escape hatch in the floor.
The howler monkey howls!
The howler monkey closely misses you.
You hit the howler monkey.
Lightning courses through the howler monkey!!
You kill the howler monkey!
Dithmenos accepts your kill.
No target in view!
You see here a howler monkey corpse.
e - 73 stones (gained 6)
You now have 303 gold pieces (gained 17).
An ogre comes into view. It is wielding a +0 giant club.
An ogre is nearby!
An ogre is nearby!
The ogre shouts!
The ogre hits you with a +0 giant club!! 😮 HP[-24]
You take 24 damage, and now have 29/53 hp.
MASSIVE DAMAGE!! (PAUSE)
Casting: Confusing Touch (dangerous; 4% risk of failure)
Confirm with . or Enter, or press ? or * to list all spells.
Aiming: Ensorcelled Hibernation (safe; 3% risk of failure)
Press: ? - help, Shift-Dir - straight line, f - ogre
Aim: an ogre, wielding a +0 giant club (chance to affect: 52%)
The ogre looks drowsy... 😮 HP[+1] MP[-2]
You lost 2 mp, and now have 11/13 mp.
Casting: Ensorcelled Hibernation (safe; 3% risk of failure)
Confirm with . or Enter, or press ? or * to list all spells.
You can't see any susceptible monsters within range! (Use Z to cast anyway.)
Casting: Ensorcelled Hibernation (safe; 3% risk of failure)
Confirm with . or Enter, or press ? or * to list all spells.
You can't see any susceptible monsters within range! (Use Z to cast anyway.)
You are too injured to fight recklessly!
You are too injured to fight recklessly!
The helpless ogre fails to defend itself.
You spit the ogre like a pig!!!
You kill the ogre!
Dithmenos accepts your kill.
Your Fighting skill increases to level 1! 😮 HP[+2]
You now have 54 max hp (+1).
You regained 2 hp, and now have 32/54 hp.
Unknown command.
A two-headed ogre comes into view.
It is wielding two +0 giant clubs. 😎 HP[+22] MP[+2]
Your hp is fully restored (54).
Your mp is fully restored (13).
Unknown command.
A two-headed ogre is nearby!
A two-headed ogre is nearby!
A two-headed ogre is nearby!
The two-headed ogre shouts in stereo!
You hit the two-headed ogre.
Lightning courses through the two-headed ogre!
The two-headed ogre hits you with a +0 giant club! x2
* * * LOW HITPOINT WARNING * * *
😨 HP[-31]
You take 31 damage, and now have 23/54 hp.
MASSIVE DAMAGE!! (PAUSE)
Casting: Ensorcelled Hibernation (safe; 3% risk of failure)
Confirm with . or Enter, or press ? or * to list all spells.
Aiming: Ensorcelled Hibernation (safe; 3% risk of failure)
Press: ? - help, Shift-Dir - straight line, f - two-headed ogre
Aim: a two-headed ogre, wielding two +0 giant clubs (lightly wounded, chance to affect: 36%)
The two-headed ogre easily resists. 😨 HP[+1] MP[-2]
You lost 2 mp, and now have 11/13 mp.
Casting: Ensorcelled Hibernation (safe; 3% risk of failure)
Confirm with . or Enter, or press ? or * to list all spells.
Aiming: Ensorcelled Hibernation (safe; 3% risk of failure)
Press: ? - help, Shift-Dir - straight line, f/p - two-headed ogre
Aim: a two-headed ogre, wielding two +0 giant clubs (lightly wounded, chance to affect: 36%)
The two-headed ogre easily resists.
The two-headed ogre hits you with a +0 giant club!!
* * * LOW HITPOINT WARNING * * *
The two-headed ogre hits you with a +0 giant club.
* * * LOW HITPOINT WARNING * * *
😱 HP[-22] MP[-2]
You take 22 damage, and now have 2/54 hp.
MASSIVE DAMAGE!! (PAUSE)
You lost 2 mp, and now have 9/13 mp.
Casting: Ensorcelled Hibernation (safe; 3% risk of failure)
Confirm with . or Enter, or press ? or * to list all spells.
Aiming: Ensorcelled Hibernation (safe; 3% risk of failure)
Press: ? - help, Shift-Dir - straight line, f/p - two-headed ogre
Aim: a two-headed ogre, wielding two +0 giant clubs (lightly wounded, chance to affect: 36%)
The two-headed ogre easily resists.
The two-headed ogre hits you with a +0 giant club!!
Ouch! That really hurt!
You die...

Skill      XL: |  1  2  3  4  5  6  7  8 |
---------------+-------------------------+-----
Short Blades   | 1 2 3 4 |  4.1
Dodging        | 2 3 |  3.4
Stealth        | 3 4 |  4.2
Ice Magic      | 1 2 3 |  3.8
Hexes          | 4 5 |  5.5
Spellcasting   | 3 |  3.5
Fighting       | 1 |  1.0

Action                     |  1- 3 |  4- 6 |  7- 9 || total
---------------------------+-------+-------+-------++-------
  Melee: Dagger            |   109 |   121 |    33 ||   263
         Punch             |     2 |     2 |       ||     4
   Cast: Ensorcelled Hiber |     4 |    12 |    14 ||    30
         Confusing Touch   |       |       |     2 ||     2
  Evoke: Wand              |       |     2 |       ||     2
    Use: Scroll            |       |    10 |     5 ||    15
   Stab: Sleeping          |    14 |    13 |     8 ||    35
         Distracted        |       |     1 |       ||     1
 Armour: Robe              |    45 |    62 |    15 ||   122
  Dodge: Dodged            |    64 |    74 |    11 ||   149
  Block: Other             |       |    15 |       ||    15
         Reflection        |       |     2 |       ||     2

Levels and vault maps discovered:
D:1:      dpeg_arrival_tiny_j, layout_basic
D:2:      layout_rooms, nicolae_ecumenical_pavilion, serial_rivers,
          chequers_serial_rivers_room_b, chequers_serial_rivers_micro_e,
          chequers_serial_rivers_large_a, chequers_serial_rivers_micro_e,
          chequers_serial_rivers_micro_a, chequers_serial_rivers_micro_c,
          nrook_uturn
D:3:      layout_loops_corners, nicolae_uskayaw_dance_hall,
          grunt_qazlal_sundering, uniq_terence, uniq_sigmund, uniq_natasha
D:4:      layout_rooms, gammafunk_temple_overflow_pools,
          mainiacjoe_overflow_cross_hatched, minmay_temple_entry_gardened_gates
D:5:      layout_loops_corners, uniq_grinder, uniq_prince_ribbit1
D:6:      layout_loops_cross, nemelex_dance_club_becter, kennysheep_little_box,
          grunt_decor_cap, kennysheep_cross_bottleneck
Temple:   hellmonk_temple_forest_ring

Notes
Turn   | Place    | Note
-------+----------+-------------------------------------------
     0 | D:1      | kae the Demonspawn Enchanter began the quest for the Orb.
     0 | D:1      | Reached XP level 1. HP: 13/13 MP: 3/3
     0 | D:1      | magus.rc [v1.11.3]
    56 | D:1      | Reached skill level 1 in Short Blades
   276 | D:1      | Reached skill level 2 in Dodging
   276 | D:1      | Gained mutation: You have sharp fingernails. [demonic
                  | ancestry]
   276 | D:1      | Reached XP level 2. HP: 6/19 MP: 5/5
   598 | D:2      | Found a faded altar of an unknown god.
   650 | D:2      | Learned a level 2 spell: Ensorcelled Hibernation
  1150 | D:2      | Gained mutation: You regenerate a little health from kills.
                  | [demonic ancestry]
  1150 | D:2      | Reached XP level 3. HP: 24/24 MP: 6/6
  1426 | D:3      | Noticed a scorpion
  1437 | D:3      | Killed a scorpion
  1438 | D:3      | Reached skill level 2 in Short Blades
  1438 | D:3      | Reached skill level 3 in Stealth
  1438 | D:3      | Reached skill level 1 in Ice Magic
  1438 | D:3      | Reached XP level 4. HP: 14/30 MP: 2/7
  1441 | D:3      | HP: 7/30 [poisoned by a scorpion]
  1446 | D:3      | HP: 4/30 [poisoned by a scorpion]
  1629 | D:3      | Found a stormy altar of Qazlal.
  1855 | D:3      | Reached XP level 5. HP: 30/35 MP: 3/8
  1880 | D:3      | Found a hide-covered altar of Uskayaw.
  1880 | D:3      | Noticed Natasha
  1887 | D:3      | Killed Natasha
  2116 | D:3      | Noticed Natasha
  2126 | D:3      | Killed Natasha
  2322 | D:3      | Noticed Sigmund
  2524 | D:3      | Noticed Terence
  2536 | D:3      | Killed Terence
  2536 | D:3      | Killed Sigmund
  2537 | D:3      | Reached skill level 4 in Hexes
  2537 | D:3      | Reached skill level 2 in Ice Magic
  2537 | D:3      | Gained mutation: You are partially covered in yellow
                  | scales. (AC +2) [demonic ancestry]
  2537 | D:3      | Reached XP level 6. HP: 37/41 MP: 8/10
  2689 | D:3      | Noticed Natasha
  2693 | D:3      | Killed Natasha
  2815 | D:3      | Learned a level 3 spell: Confusing Touch
  2819 | D:3      | Learned a level 3 spell: Tukima's Dance
  2888 | D:4      | Found a shimmering altar of Xom.
  3005 | D:4      | Reached skill level 3 in Short Blades
  3044 | D:4      | Found a staircase to the Ecumenical Temple.
  3062 | Temple   | Entered the Ecumenical Temple
  3077 | Temple   | Became a worshipper of Dithmenos the Shadowed
  3391 | D:4      | Found an ancient bone altar of Kikubaaqudgha.
  3392 | D:4      | Found a broken altar of Ashenzari.
  3449 | D:5      | Entered Level 5 of the Dungeon
  3685 | D:5      | Reached skill level 3 in Spellcasting
  3685 | D:5      | Reached XP level 7. HP: 43/46 MP: 9/11
  3936 | D:5      | Reached skill level 3 in Dodging
  3958 | D:5      | Reached skill level 3 in Ice Magic
  3980 | D:5      | Noticed Prince Ribbit
  3987 | D:5      | Killed Prince Ribbit
  3988 | D:5      | Reached skill level 4 in Stealth
  3988 | D:5      | Reached skill level 5 in Hexes
  4347 | D:5      | You pick up a book of Callings and begin reading...
  4347 | D:5      | You add the spells Summon Small Mammal, Call Canine
                  | Familiar and Summon Guardian Golem to your library.
  4408 | D:5      | Noticed Grinder
  4483 | D:5      | Killed Grinder
  4484 | D:5      | Reached skill level 4 in Short Blades
  4484 | D:5      | Gained mutation: You regenerate health from kills. [demonic
                  | ancestry]
  4484 | D:5      | Reached XP level 8. HP: 45/53 MP: 10/13
  4685 | D:6      | Reached skill level 1 in Fighting
  4723 | D:6      | Noticed a two-headed ogre
  4731 | D:6      | HP: 6/54 [two-headed ogre/+0 giant club (20)]
  4731 | D:6      | HP: 2/54 [two-headed ogre/+0 giant club (4)]
  4732 | D:6      | Annihilated by a two-headed ogre

Vanquished Creatures
  Grinder (D:5)
  Prince Ribbit (D:5)
  Sigmund (D:3)
  An ogre (D:6)
  2 scorpions
  A jelly (D:5)
  A howler monkey (D:6)
  4 hounds
  An iguana (D:5)
  Terence (D:3)
  Natasha (thrice) (D:3)
  4 gnolls
  3 adders
  A white imp (D:5)
  2 worms
  An orc (D:5)
  9 endoplasms
  2 giant cockroaches
  4 goblins
  6 hobgoblins
  6 jackals
  5 kobolds
  3 quokkas
  4 ball pythons
  6 bats
  4 frilled lizards
77 creatures vanquished.

Table legend:
 A = Non-vault XP
 B = Vault XP
 C = Vault XP percentage of total XP
 D = Non-vault monster count
 E = Vault monster count
 F = Vault count percentage of total count
                 A         B        C        D         E       F
            +---------+---------+-------+---------+---------+-------
      Total |     878 |     860 |  49.5 |      72 |       5 |   6.5
            +---------+---------+-------+---------+---------+-------
        D:1 |      16 |       0 |   0.0 |      10 |       0 |   0.0
        D:2 |      34 |       0 |   0.0 |      19 |       0 |   0.0
        D:3 |     230 |     302 |  56.8 |      17 |       3 |  15.0
        D:4 |      49 |       0 |   0.0 |      12 |       0 |   0.0
        D:5 |     382 |     558 |  59.4 |      12 |       2 |  14.3
        D:6 |     167 |       0 |   0.0 |       2 |       0 |   0.0
            +---------+---------+-------+---------+---------+-------

Skill      XL: |  1  2  3  4  5  6  7  8 |
---------------+-------------------------+-----
Short Blades   | 1 2 3 4 |  4.1
Dodging        | 2 3 |  3.4
Stealth        | 3 4 |  4.2
Ice Magic      | 1 2 3 |  3.8
Hexes          | 4 5 |  5.5
Spellcasting   | 3 |  3.5
Fighting       | 1 |  1.0

Action                     |  1- 3 |  4- 6 |  7- 9 || total
---------------------------+-------+-------+-------++-------
  Melee: Dagger            |   109 |   121 |    33 ||   263
         Punch             |     2 |     2 |       ||     4
   Cast: Ensorcelled Hiber |     4 |    12 |    14 ||    30
         Confusing Touch   |       |       |     2 ||     2
  Evoke: Wand              |       |     2 |       ||     2
    Use: Scroll            |       |    10 |     5 ||    15
   Stab: Sleeping          |    14 |    13 |     8 ||    35
         Distracted        |       |     1 |       ||     1
 Armour: Robe              |    45 |    62 |    15 ||   122
  Dodge: Dodged            |    64 |    74 |    11 ||   149
  Block: Other             |       |    15 |       ||    15
         Reflection        |       |     2 |       ||     2

Illustrated notes

Table legend:
 A = Kills in this place as a percentage of kills in the entire game.
 B = Kills by you in this place as a percentage of kills by you in the entire game.
 C = Kills by friends in this place as a percentage of kills by friends in the entire game.
 D = Other kills in this place as a percentage of other kills in the entire game.
 E = Experience gained in this place as a percentage of experience gained in the entire game.
 F = Experience gained in this place divided by the number of levels of this place that you have seen.
                   A       B       C       D       E      F
               +-------+-------+-------+-------+-------+----------------------
         Total | 100.0 | 100.0 |   N/A |   N/A | 100.0 | 248.3
       Dungeon | 100.0 | 100.0 |   N/A |   N/A | 100.0 | 289.7
               +-------+-------+-------+-------+-------+----------------------

Table legend: (Time is in decaauts)
 A = Elapsed time spent in this place.
 B = Non-inter-level travel time spent in this place.
 C = Inter-level travel time spent in this place.
 D = Time resting spent in this place.
 E = Time spent auto-exploring this place.
 F = Levels seen in this place.
 G = Mean time per level.
                   A        B        C        D        E       F      G
               +--------+--------+--------+--------+--------+-----+--------+
         Total |   4716 |   4565 |    151 |    169 |   3617 |   7 |  673.7 |
       Dungeon |   4685 |   4564 |    121 |    169 |   3617 |   6 |  780.8 |
        Temple |     30 |      1 |     29 |      0 |      0 |   1 |   30.0 |
               +--------+--------+--------+--------+--------+-----+--------+

Top non-repeatable levels by time:
     D:3: 1467 daAuts
     D:5: 1082 daAuts
     D:2: 774 daAuts
     D:4: 651 daAuts
     D:1: 596 daAuts
     D:6: 114 daAuts
  Temple: 30 daAuts
